 Dungeon Crawl Stone Soup version 0.24.0-123-gd5b16e6ec5 (webtiles) character file.

Game seed: 14533593281205936751, levelgen mode: deterministic

8574 DungeonDestroyer the Blocker (level 11, -12/89 HPs)
             Began as a Gnoll Fighter on Jan 19, 2020.
             Was an Elder of Okawaru.
             Mangled by an orc warrior
             ... wielding a +0 dire flail
              (14 damage)
             ... on level 9 of the Dungeon.
             The game lasted 00:23:08 (8303 turns).

DungeonDestroyer the Blocker (Gnoll Fighter)        Turns: 8303, Time: 00:23:08

Health: -12/89     AC: 16    Str: 21    XL:     11   Next: 33%
Magic:  18/18      EV: 10    Int: 10    God:    Okawaru [****..]
Gold:   389        SH: 13    Dex: 16    Spells: 22/22 levels left

rFire    . . .     SeeInvis +   a - +1 long sword
rCold    . . .     Gourm    +   c - +1 shield
rNeg     + . .     Faith    .   g - +2 chain mail {MR+}
rPois    .         Spirit   .   (helmet restricted)
rElec    .         Reflect  .   (no cloak)
rCorr    .         Harm     .   b - +0 pair of gloves
MR       +....                  q - +0 pair of boots
Stlth    ..........             o - amulet of the gourmand
HPRegen  0.24/turn              n - ring of see invisible
MPRegen  0.16/turn              t - ring of positive energy

@: no status effects
A: distributed training, fangs 1, horns 1, low mp 1, strong nose
a: Heroism, Renounce Religion


You were on level 9 of the Dungeon.
You worshipped Okawaru.
Okawaru was greatly pleased with you.
You were completely stuffed.

You visited 2 branches of the dungeon, and saw 10 of its levels.
You also visited: Sewer.

You collected 474 gold pieces.
You spent 85 gold pieces at shops.

Inventory:

Hand Weapons
 a - a +1 long sword (weapon)
Missiles
 j - 364 stones (quivered)
 l - 59 sling bullets
 m - 139 arrows
 u - 34 poisoned darts
 v - 20 bolts
 z - 2 curare-tipped darts
 B - 8 boomerangs
Armour
 b - a +0 pair of gloves (worn)
 c - a +1 shield (worn)
 g - a +2 chain mail of magic resistance (worn)
 q - a +0 pair of boots (worn)
Jewellery
 n - a ring of see invisible (left hand)
 o - an amulet of the gourmand (around neck)
 t - a ring of positive energy (right hand)
 C - a cursed ring of teleportation {unknown}
Wands
 h - a wand of polymorph (9)
 r - a wand of disintegration (3)
Scrolls
 d - 3 scrolls of remove curse
 k - 9 scrolls of identify
 p - 3 scrolls of teleportation
 s - 2 scrolls of magic mapping
 x - 2 scrolls of enchant weapon
 y - 2 scrolls of fear
Potions
 e - 2 potions of flight
 i - 2 potions of brilliance
 A - a potion of curing
Comestibles
 f - 25 rations
 w - 2 chunks of flesh


   Skills:
 + Level 9.0 Fighting
 + Level 6.1 Short Blades
 + Level 7.7 Long Blades
 + Level 6.1 Axes
 + Level 6.1 Maces & Flails
 + Level 6.1 Polearms
 + Level 6.1 Staves
 + Level 6.1 Slings
 + Level 6.1 Bows
 + Level 6.1 Crossbows
 + Level 6.1 Throwing
 + Level 9.0 Armour
 + Level 6.1 Dodging
 + Level 6.1 Stealth
 + Level 9.0 Shields
 + Level 6.1 Unarmed Combat
 + Level 6.1 Spellcasting
 + Level 5.0 Conjurations
 + Level 5.0 Hexes
 + Level 5.0 Charms
 + Level 5.0 Summonings
 + Level 5.0 Necromancy
 + Level 5.0 Translocations
 + Level 5.0 Transmutations
 + Level 5.0 Fire Magic
 + Level 5.0 Ice Magic
 + Level 5.0 Air Magic
 + Level 5.0 Earth Magic
 + Level 5.0 Poison Magic
 + Level 6.7 Invocations
 + Level 6.1 Evocations


You had 22 spell levels left.
You didn't know any spells.
Your spell library was empty.

Dungeon Overview and Level Annotations

Branches:
Dungeon (9/15)             Temple (1/1) D:6            Lair (0/6) D:8
  Sewer (visited)
    Orc: D:9-12

Altars:
Ashenzari
Cheibriados
Dithmenos
Elyvilon
Fedhas
Gozag
Hepliaklqana
Kikubaaqudgha
Makhleb
Nemelex Xobeh
Okawaru
Qazlal
Ru
Sif Muna
Trog
Uskayaw
Vehumet
Wu Jian
Xom
Yredelemnul
Zin
The Shining One

Shops:
D:7 *

Annotations:
D:3 3 runed translucent doors, Alannah's ghost, novice GrHu


Innate Abilities, Weirdness & Mutations

Your experience applies equally to all skills.
You have very sharp teeth.
Your uncanny sense of smell can sniff out nearby items.
You have a pair of small horns on your head.
Your magical capacity is low. (-10% MP)


Message History

Okawaru accepts your kill.
The orc warrior throws a boomerang.
The boomerang hits you!
* * * LOW HITPOINT WARNING * * *
The weapon returns to the orc warrior!
The orc warrior hits you with a +0 dire flail.
* * * LOW HITPOINT WARNING * * *
There is an open door, spattered with blood here.
Things that are here:
a +0 ring mail; an orc corpse x2
You hit the orc warrior but do no damage.
You block the orc warrior's attack.
You closely miss the orc warrior.
You headbutt the orc warrior, but do no damage.
You block the orc warrior's attack.
Your shield and chain mail prevent you from hitting the orc warrior.
The orc warrior hits you with a +0 dire flail!!
* * * LOW HITPOINT WARNING * * *
You barely miss the orc warrior.
The orc warrior hits you with a +0 dire flail!
You die...

####### #.....# ###### #.....+
#....# ##.....# +..!.# .'.....#
#....# ##.....# #.o..# #.....#
#@# #.....# #.# ##)#### #.#
#).)# #.## ## ####'## #..# ...
#.....# ##.# ....
#.....##########.# .....
#.....'.......##.#######......
##.....#######........รท).......


You could see an orc warrior.

Vanquished Creatures
  Erolcha (D:9)
  Harold (D:9)
  Pikel (D:9)
  2 trolls (D:9)
  2 hornets (D:8)
  Grinder (D:4)
  A hippogriff (D:7)
  Sigmund (D:3)
  A wyvern (D:9)
  Grum (D:9)
  A hungry ghost (D:7)
  5 yaks (D:8)
  A soldier ant (D:8)
  3 porcupines (D:8)
  A black bear (D:8)
  2 orc warriors (D:8)
  2 phantoms
  An eye of draining (D:9)
  2 ice beasts
  A necrophage (D:6)
  2 ogres (D:9)
  3 centaurs
  3 wolves (D:9)
  4 crocodiles
  7 big kobolds
  2 bullfrogs
  4 scorpions
  3 howler monkeys
  A centaur zombie (D:6)
  7 crimson imps
  A hound (D:9)
  2 jellies
  4 bullfrog skeletons
  5 orc priests
  8 orc wizards
  Ijyb (D:3)
  2 iguanas (D:9)
  Terence (D:2)
  5 worker ants
  Robin (D:3)
  A howler monkey skeleton (D:8)
  9 adders
  4 river rats
  9 oozes
  3 adder skeletons
  An adder zombie (D:6)
  3 worms
  6 dart slugs
  5 leopard geckos
  14 orcs
  6 ball pythons
  8 giant cockroaches
  5 goblins
  6 hobgoblins
  13 jackals
  5 quokkas
  11 bats
  3 frilled lizards
  A giant cockroach zombie (D:5)
  A jackal skeleton (D:8)
  25 kobolds
  4 leopard gecko skeletons
  2 leopard gecko zombies
  2 quokka skeletons
  A quokka zombie (D:7)
  17 rats
262 creatures vanquished.

Vanquished Creatures (others)
  3 slaves (D:9)
  A centaur (D:9)
  A centaur skeleton (D:9)
  A kobold (D:9)
  2 bushes (D:8)
  6 fungi (D:8)
  13 plants (D:8)
27 creatures vanquished.

Grand Total: 289 creatures vanquished

Notes
Turn   | Place    | Note
-------+----------+-------------------------------------------
     0 | D:1      | DungeonDestroyer the Gnoll Fighter began the quest for the
                  | Orb.
     0 | D:1      | Reached XP level 1. HP: 23/23 MP: 1/1
    60 | D:1      | Reached XP level 2. HP: 29/29 MP: 2/2
   400 | D:1      | Reached XP level 3. HP: 30/35 MP: 3/3
   750 | D:2      | Reached skill level 1 in Invocations
   760 | D:2      | Reached skill level 1 in Short Blades
   760 | D:2      | Reached skill level 1 in Axes
   760 | D:2      | Reached skill level 1 in Maces & Flails
   760 | D:2      | Reached skill level 1 in Polearms
   760 | D:2      | Reached skill level 1 in Staves
   760 | D:2      | Reached skill level 1 in Slings
   760 | D:2      | Reached skill level 1 in Bows
   760 | D:2      | Reached skill level 1 in Crossbows
   760 | D:2      | Reached skill level 1 in Throwing
   760 | D:2      | Reached skill level 1 in Dodging
   760 | D:2      | Reached skill level 1 in Stealth
   760 | D:2      | Reached skill level 1 in Unarmed Combat
   760 | D:2      | Reached skill level 1 in Spellcasting
   760 | D:2      | Reached skill level 1 in Evocations
   800 | D:2      | Reached XP level 4. HP: 34/41 MP: 5/5
   880 | D:2      | Noticed Terence
   908 | D:2      | Killed Terence
   908 | D:2      | Reached skill level 1 in Conjurations
   908 | D:2      | Reached skill level 1 in Hexes
   908 | D:2      | Reached skill level 1 in Charms
   908 | D:2      | Reached skill level 1 in Summonings
   908 | D:2      | Reached skill level 1 in Necromancy
   908 | D:2      | Reached skill level 1 in Translocations
   908 | D:2      | Reached skill level 1 in Transmutations
   908 | D:2      | Reached skill level 1 in Fire Magic
   908 | D:2      | Reached skill level 1 in Ice Magic
   908 | D:2      | Reached skill level 1 in Air Magic
   908 | D:2      | Reached skill level 1 in Earth Magic
   908 | D:2      | Reached skill level 1 in Poison Magic
  1074 | D:2      | Gained mutation: Your magical capacity is low. (-10% MP)
                  | [potion of mutation]
  1074 | D:2      | Gained mutation: You have a pair of small horns on your
                  | head. [potion of mutation]
  1281 | D:3      | Noticed Ijyb
  1294 | D:3      | Killed Ijyb
  1294 | D:3      | Reached XP level 5. HP: 34/47 MP: 6/6
  1295 | D:3      | Found a faded altar of an unknown god.
  1449 | D:3      | Found a runed translucent gate.
  1449 | D:3      | Found a runed translucent gate.
  1451 | D:3      | Found a runed translucent gate.
  1463 | D:3      | Noticed Sigmund
  1471 | D:3      | Killed Sigmund
  1471 | D:3      | Reached XP level 6. HP: 31/53 MP: 6/7
  1648 | D:3      | Found a blossoming altar of Fedhas.
  1669 | D:3      | Found a shimmering altar of Xom.
  1669 | D:3      | Identified the +2 helmet of Somewhere Else {rC+ Str+3
                  | Slay-4}
  1669 | D:3      | Noticed Robin
  1683 | D:3      | Reached skill level 5 in Long Blades
  1736 | D:3      | Reached XP level 7. HP: 19/59 MP: 9/9
  1800 | D:3      | Killed Robin
  2435 | D:3      | Noticed Alannah's ghost (novice GrHu)
  2711 | D:4      | Noticed Grinder
  2728 | D:4      | Killed Grinder
  3019 | D:5      | Entered Level 5 of the Dungeon
  3074 | D:5      | Reached XP level 8. HP: 60/67 MP: 9/11
  3478 | D:6      | Found a staircase to the Ecumenical Temple.
  3571 | D:6      | Found a glowing drain.
  3606 | Sewer    | Entered a sewer
  4039 | Sewer    | Reached XP level 9. HP: 69/71 MP: 13/13
  4632 | Temple   | Entered the Ecumenical Temple
  4635 | Temple   | Became a worshipper of Warmaster Okawaru
  4758 | D:7      | Found Paanuofo's Assorted Antiques.
  4766 | D:7      | Bought a scroll labeled WUDOGI YDIWUU for 22 gold pieces
  4766 | D:7      | Bought a yellow potion for 19 gold pieces
  4766 | D:7      | Bought a scroll labeled JAGHICIGITZ for 22 gold pieces
  4766 | D:7      | Bought a scroll labeled YTANGETUISH for 22 gold pieces
  4862 | D:7      | Reached * piety under Okawaru
  5840 | D:8      | HP: 1/73 [porcupine (7)]
  5842 | D:8      | Reached skill level 5 in Invocations
  6210 | D:8      | Reached ** piety under Okawaru
  6227 | D:8      | Reached XP level 10. HP: 69/79 MP: 15/15
  6287 | D:8      | Found a staircase to the Lair.
  6332 | D:8      | Reached skill level 5 in Short Blades
  6332 | D:8      | Reached skill level 5 in Axes
  6332 | D:8      | Reached skill level 5 in Maces & Flails
  6332 | D:8      | Reached skill level 5 in Polearms
  6332 | D:8      | Reached skill level 5 in Staves
  6332 | D:8      | Reached skill level 5 in Slings
  6332 | D:8      | Reached skill level 5 in Bows
  6332 | D:8      | Reached skill level 5 in Crossbows
  6332 | D:8      | Reached skill level 5 in Throwing
  6332 | D:8      | Reached skill level 5 in Dodging
  6332 | D:8      | Reached skill level 5 in Stealth
  6332 | D:8      | Reached skill level 5 in Unarmed Combat
  6332 | D:8      | Reached skill level 5 in Spellcasting
  6332 | D:8      | Reached skill level 5 in Evocations
  6581 | D:8      | Paralysed by a hornet for 1 turns
  6587 | D:8      | Paralysed by a hornet for 1 turns
  7239 | D:9      | Reached *** piety under Okawaru
  7422 | D:9      | Noticed Harold
  7444 | D:9      | Killed Harold
  7660 | D:9      | Noticed Pikel
  7678 | D:9      | Killed Pikel
  7678 | D:9      | Reached **** piety under Okawaru
  7678 | D:9      | Reached XP level 11. HP: 87/87 MP: 17/17
  7785 | D:9      | Noticed Erolcha
  7800 | D:9      | Killed Erolcha
  8062 | D:9      | Reached skill level 5 in Conjurations
  8062 | D:9      | Reached skill level 5 in Hexes
  8062 | D:9      | Reached skill level 5 in Charms
  8062 | D:9      | Reached skill level 5 in Summonings
  8062 | D:9      | Reached skill level 5 in Necromancy
  8062 | D:9      | Reached skill level 5 in Translocations
  8062 | D:9      | Reached skill level 5 in Transmutations
  8062 | D:9      | Reached skill level 5 in Fire Magic
  8062 | D:9      | Reached skill level 5 in Ice Magic
  8062 | D:9      | Reached skill level 5 in Air Magic
  8062 | D:9      | Reached skill level 5 in Earth Magic
  8062 | D:9      | Reached skill level 5 in Poison Magic
  8236 | D:9      | Noticed Grum
  8261 | D:9      | Killed Grum
  8302 | D:9      | HP: 2/89 [orc warrior/+0 dire flail (18)]
  8303 | D:9      | Mangled by an orc warrior

Levels and vault maps discovered:
D:1:      scummos_arrival_star, layout_loops_cross
D:2:      layout_basic, serial_undead, serial_undead_a, serial_undead_e,
          serial_undead_b, serial_undead_c, uniq_terence
D:3:      layout_loops_ring, fedhas_ov_isle_minmay, gammafunk_ghost_icy,
          chequers_ecumenical_altar_simple, led_xom_imps, uniq_robin, uniq_ijyb,
          uniq_sigmund
D:4:      layout_cave_pools, uniq_grinder
D:5:      layout_rooms, first_ration
D:6:      layout_rooms, minmay_temple_entry_mist, portal_sewer_entry_c
D:7:      layout_basic, serial_shops, shop
D:8:      layout_rooms, minmay_lair_entry_grove, hangedman_pestilent_swarm,
          grunt_ministairs_2
D:9:      layout_roguey, uniq_pikel, uniq_harold, uniq_maurice, uniq_erolcha,
          uniq_grum
Temple:   dpeg_three_leaves_temple

Skill      XL: |  1  2  3  4  5  6  7  8  9 10 11 |
---------------+----------------------------------+-----
Invocations    | 1 2 3 4 5 6 |  6.7
Short Blades   | 1 2 3 4 5 6 |  6.1
Axes           | 1 2 3 4 5 6 |  6.1
Maces & Flails | 1 2 3 4 5 6 |  6.1
Polearms       | 1 2 3 4 5 6 |  6.1
Staves         | 1 2 3 4 5 6 |  6.1
Slings         | 1 2 3 4 5 6 |  6.1
Bows           | 1 2 3 4 5 6 |  6.1
Crossbows      | 1 2 3 4 5 6 |  6.1
Throwing       | 1 2 3 4 5 6 |  6.1
Dodging        | 1 2 3 4 5 6 |  6.1
Stealth        | 1 2 3 4 5 6 |  6.1
Unarmed Combat | 1 2 3 4 5 6 |  6.1
Spellcasting   | 1 2 3 4 5 6 |  6.1
Evocations     | 1 2 3 4 5 6 |  6.1
Conjurations   | 1 2 3 4 5 |  5.0
Hexes          | 1 2 3 4 5 |  5.0
Charms         | 1 2 3 4 5 |  5.0
Summonings     | 1 2 3 4 5 |  5.0
Necromancy     | 1 2 3 4 5 |  5.0
Translocations | 1 2 3 4 5 |  5.0
Transmutations | 1 2 3 4 5 |  5.0
Fire Magic     | 1 2 3 4 5 |  5.0
Ice Magic      | 1 2 3 4 5 |  5.0
Air Magic      | 1 2 3 4 5 |  5.0
Earth Magic    | 1 2 3 4 5 |  5.0
Poison Magic   | 1 2 3 4 5 |  5.0
Long Blades    | 5 6 7 |  7.7
Fighting       | 7 8 9 |  9.0
Armour         | 7 8 9 |  9.0
Shields        | 7 8 9 |  9.0

Action                   |  1- 3 |  4- 6 |  7- 9 | 10-12 || total
-------------------------+-------+-------+-------+-------++-------
Melee: Long sword        |   103 |   115 |   464 |   352 ||  1034
       Bite              |    12 |    17 |    55 |    56 ||   140
       Headbutt          |       |    18 |   103 |    96 ||   217
       Unarmed           |       |     4 |       |       ||     4
  Use: Scroll            |     4 |     1 |    11 |       ||    16
       Potion            |     2 |     4 |     6 |     2 ||    14
 Stab: Invisible         |       |     2 |       |       ||     2
  Eat: Chunk             |     8 |     8 |    16 |     7 ||    39
Armor: Scale mail        |    39 |    53 |     9 |       ||   101
       Chain mail        |       |       |   180 |   109 ||   289
       Skin              |       |       |     5 |       ||     5
Dodge: Dodged            |    51 |    41 |   150 |    88 ||   330
Block: Shield            |    65 |    79 |   285 |   219 ||   648
       Rpst.: Long sword |    14 |    13 |    38 |    24 ||    89
